AoeStats
← Schuppa

Highland

506215146Analyzed
2v2 RM · 19d ago on Sep 12, 2026· 54m 23s· 4 players
Game mode
Random Map
Map size
Medium (4 player)
Population
200
Speed
Normal
Resources
Standard
Victory
Conquest
Starting age
Dark Age
Ending age
Imperial Age
RankedLock teamsTeams togetherTeam positionsShared explorationLock speedFull tech treeHidden civsTurbo modeCheats
Victory
Defeat
🇮🇹 Wu · Italy
1087
+17
🇸🇪 Bohemians · Sweden
1069
+17
🇩🇪 Romans · Germany
1113
-17
🇩🇪 Khmer · Germany
1090
-17
Hawk of Avalon
8:57 Loom
11:43 Feudal Age
12:35 Double-Bit Axe
15:32 Castle Age
16:13 Fletching
16:41 Bow Saw
22:32 Red Cliffs Tactics
24:48 Horse Collar
28:21 Heavy Plow
30:08 Wheelbarrow
33:30 Imperial Age
31:03 Bodkin Arrow
31:49 Padded Archer Armor
31:48 Gold Mining
32:29 Elite Skirmisher
33:25 Leather Archer Armor
33:21 Forging
33:11 Scale Mail Armor
32:35 Pikeman
33:16 Squires
33:01 Arson
34:24 Ballistics
34:01 Murder Holes
34:17 Bracer
34:46 Conscription
33:59 Halberdier
36:08 Two-Man Saw
37:43 Iron Casting
37:23 Chain Mail Armor
37:54 Onager
39:52 Caravan
40:10 Sitting Tiger
40:35 Treadmill Crane
41:06 Masonry
41:59 Chemistry
41:59 Hand Cart
41:31 Town Watch
42:17 Plate Mail Armor
42:48 Blast Furnace
43:30 Architecture
42:41 Treadmill Crane
44:03 Elite Fire Archer
47:30 Scale Barding Armor
51:07 Chain Barding Armor
50:13 Light Cavalry
51:03 Bloodlines
50:53 Husbandry
50:57 Hussar
52:42 Plate Barding Armor
King of Avalon
10:12 Loom
11:58 Feudal Age
16:22 Castle Age
15:18 Double-Bit Axe
15:15 Horse Collar
17:45 Bow Saw
24:51 Wheelbarrow
24:06 Town Watch
26:08 Heavy Plow
26:16 Scale Mail Armor
26:26 Forging
27:43 Hand Cart
32:12 Imperial Age
31:31 Chemistry
30:53 Ballistics
30:45 Fortified Wall
30:46 Masonry
32:27 Chain Mail Armor
32:47 Iron Casting
32:34 Houfnice
33:55 Conscription
33:44 Wagenburg Tactics
33:25 Pikeman
34:05 Squires
34:51 Halberdier
35:56 Redemption
36:02 Block Printing
36:21 Illumination
36:32 Theocracy
36:37 Hussite Reforms
37:37 Caravan
39:28 Plate Mail Armor
39:58 Blast Furnace
39:42 Town Patrol
41:01 Siege Engineers
43:32 Block Printing
43:29 Redemption
43:44 Illumination
43:51 Illumination
43:40 Redemption
43:55 Sanctity
44:12 Theocracy
45:25 Two-Man Saw
Schuppa
10:31 Feudal Age
11:47 Loom
12:27 Double-Bit Axe
15:31 Castle Age
14:00 Horse Collar
20:11 Heavy Plow
20:41 Bow Saw
21:21 Gold Mining
26:34 Town Watch
30:12 Imperial Age
28:30 Wheelbarrow
28:44 Stone Mining
29:32 Coinage
30:00 Scale Barding Armor
30:06 Forging
29:38 Pikeman
30:21 Scale Mail Armor
30:12 Fletching
31:40 Banking
32:14 Chemistry
31:28 Husbandry
31:39 Bloodlines
32:09 Masonry
32:37 Iron Casting
32:44 Bodkin Arrow
33:39 Conscription
33:39 Elite Ballista Elephant
36:06 Chain Barding Armor
36:06 Elite Skirmisher
40:03 Double Crossbow
41:39 Halberdier
44:06 Fishing Lines
50:02 Plate Barding Armor
50:27 Blast Furnace
-Hopser-
11:55 Feudal Age
15:04 Loom
17:53 Castle Age
18:20 Fishing Lines
20:15 Double-Bit Axe
22:43 Town Watch
23:34 Wheelbarrow
26:21 Hand Cart
26:07 Town Patrol
29:19 Fletching
29:36 Scale Barding Armor
30:07 Ballistics
32:36 Imperial Age
31:40 Ballistas
32:03 Bow Saw
32:58 Heavy Scorpion
34:43 Chemistry
35:18 Siege Engineers
37:08 Bodkin Arrow
37:34 Chain Barding Armor
44:34 Elite Centurion
49:40 Horse Collar
52:22 Caravan
53:00 Man-at-Arms
54:04 Comitatenses
54:03 Heavy Plow
Connection lost

Rejoining the realm…

Still unreachable

The connection could not be restored.

Session expired

The server has moved on; the page needs a fresh start.